 Dungeon Crawl Stone Soup version 0.23.2-1-ga50397a (webtiles) character file.

Game seed: 10472020419376031983

8274 kaladindcss the Cleaver (level 11, -3/104 HPs)
             Began as a Hill Orc Monk on May 21, 2019.
             Was an Elder of Beogh.
             Killed from afar by Josephine (6 damage)
             ... with a ghostly fireball
             ... on level 9 of the Dungeon.
             The game lasted 00:50:05 (16027 turns).

kaladindcss the Cleaver (Hill Orc Monk)            Turns: 16027, Time: 00:50:06

Health: -3/104     AC: 19    Str: 18    XL:     11   Next: 28%
Magic:  12/13      EV:  5    Int: 10    God:    Beogh [****..]
Gold:   548        SH:  0    Dex: 13    Spells: 10/10 levels left

rFire    . . .     SeeInvis .   y - +2 war axe (flame)
rCold    + . .     Gourm    .   (no shield)
rNeg     . . .     Faith    .   H - +2 plate armour
rPois    .         Spirit   .   (no helmet)
rElec    .         Reflect  .   z - +2 cloak
rCorr    .         Harm     .   q - +0 pair of gloves
MR       .....                  (no boots)
Stlth    ..........             (no amulet)
HPRegen  0.27/turn              (no ring)
MPRegen  0.13/turn              l - ring of protection from cold

@: lethally poisoned (-3 -> -3), very heavily drained
A: no striking features
a: Smiting, Recall Orcish Followers, Renounce Religion


You were on level 9 of the Dungeon.
You worshipped Beogh.
Beogh was greatly pleased with you.
You were not hungry.

You visited 1 branch of the dungeon, and saw 11 of its levels.

You collected 548 gold pieces.

Inventory:

Hand Weapons
 y - a +2 war axe of flaming (weapon)
Armour
 q - a +0 pair of gloves (worn)
 z - a +2 cloak (worn)
 H - a +2 plate armour (worn)
Jewellery
 b - an uncursed ring of magical power
 h - an uncursed ring of stealth
 l - a ring of protection from cold (right hand)
Wands
 a - a wand of random effects (21)
 d - a wand of acid (5)
 p - a wand of polymorph (17)
 u - a wand of clouds (6)
Scrolls
 e - 5 scrolls of remove curse
 f - a scroll of immolation
 j - 2 scrolls of torment {unknown}
 k - 2 scrolls of identify
 n - a scroll of fog
 t - 4 scrolls of amnesia
 v - 2 scrolls of noise
 w - a scroll of random uselessness {unknown}
 x - a scroll of teleportation
 B - a scroll of magic mapping
 D - a scroll of fear
Potions
 g - a potion of cancellation {unknown}
 i - a potion of degeneration {unknown}
 m - a potion of flight {unknown}
 o - a potion of magic
 r - a potion of ambrosia {unknown}
 s - a potion of mutation {unknown}
 A - a potion of heal wounds {unknown}
 C - a potion of agility
 G - 2 potions of invisibility {unknown}
Comestibles
 c - 8 rations


   Skills:
 * Level 11.9(7.7) Fighting
 + Level 12.8(8.6) Axes
 * Level 10.5(6.5) Armour
 - Level 2.6(0.0) Dodging
 - Level 1.6(0.0) Stealth
 * Level 3.9(0.5) Invocations
 + Level 0.1(0.0) Evocations


You had 10 spell levels left.
You didn't know any spells.
Your spell library contained the following spells:

 Spells                   Type           Power        Failure   Level  Hunger
 Beastly Appendage        Tmut           #.....       100%        1    ##.....
 Corona                   Hex            #......      100%        1    ##.....
 Magic Dart               Conj           #...         100%        1    ##.....
 Sting                    Conj/Pois      #...         100%        1    ##.....
 Blink                    Tloc           N/A          100%        2    ###....
 Call Imp                 Summ           #.......     100%        2    ###....
 Poisonous Vapours        Pois/Air       #.....       100%        2    ###....
 Slow                     Hex            #.......     100%        2    ###....
 Sticks to Snakes         Tmut           #.......     100%        2    ###....
 Conjure Flame            Conj/Fire      #.......     100%        3    ####...
 Inner Flame              Hex/Fire       #.......     100%        3    ####...
 Mephitic Cloud           Conj/Pois/Air  #.......     100%        3    ####...
 Portal Projectile        Hex/Tloc       #.....       100%        3    ####...
 Spider Form              Tmut/Pois      #.........   100%        3    ####...
 Cause Fear               Hex            #.........   100%        4    #####..
 Ice Form                 Ice/Tmut       #.......     100%        4    #####..
 Leda's Liquefaction      Hex/Erth       #.........   100%        4    #####..
 Olgreb's Toxic Radiance  Pois           #.......     100%        4    #####..
 Blade Hands              Tmut           #.........   100%        5    ######.
 Venom Bolt               Conj/Pois      #.........   100%        5    ######.


Dungeon Overview and Level Annotations

Branches:
Dungeon (11/15)              Lair (0/6) D:10
 Temple: D:4-7          Orc: D:9-12

Altars:
Dithmenos
Elyvilon
Hepliaklqana
Kikubaaqudgha
Makhleb
Sif Muna
Uskayaw

Annotations:
D:4 Dowan, Duvessa
D:9 Josephine


Message History

There is a stone staircase leading up here.
You feel sick.
You climb upwards.
Your summoned allies are left behind.
Level annotation: Josephine You feel sick.
There is a stone staircase leading down here.
You begin recalling your allies.
Nergalle is recalled.
You finish recalling your allies.
You feel sick.
You feel sick.
You feel sick.
You feel sick.
You feel sick.
You swap places.
Josephine grins evilly.
You feel sick.
Josephine points at you and mumbles some strange words.
The ghostly flame explodes!
The ghostly fireball engulfs you.
You feel drained.
You die...

# ############ #
#..........# #
#########..........# #
#..................# #
##...............#### #
#................# #
#......@o........#
##########.............#####
...............>...........#
..#.#.###.....#.#..........#
#.#.#.###.....#.#..........#
....#.##.≈#####'#@.........#
....#...≈#######...........#
....#....#...###...........#
#'#.#.##≈'.#.'.#.###########


You could see Josephine and the friendly Nergalle.

Vanquished Creatures
  Erica (D:10)
  Pikel (D:4)
  Joseph (D:9)
  Prince Ribbit (D:8)
  A hippogriff (D:9)
  6 yaks
  3 wraiths
  A steam dragon (D:9)
  A hungry ghost (D:7)
  3 porcupines (D:10)
  5 orc warriors
  A sky beast (D:6)
  5 ice beasts
  A black bear (D:10)
  3 slaves
  2 ogres
  A boggart (D:3)
  4 centaurs
  2 crocodiles (D:10)
  2 big kobolds
  5 bullfrogs
  3 scorpions
  5 killer bees
  A howler monkey (D:4)
  A bullfrog zombie (D:9)
  4 crimson imps
  2 centaur zombies (D:6)
  A quasit (D:8)
  3 orc priests
  3 hounds
  6 jellies
  4 centaur skeletons
  A gnoll shaman (D:7)
  9 orc wizards
  4 iguanas
  14 worker ants
  A hound zombie (D:7)
  A hound skeleton (D:6)
  9 gnolls
  8 adders
  3 shadow imps
  7 oozes
  2 adder skeletons
  2 worms (D:2)
  7 dart slugs
  4 leopard geckos
  29 orcs
  11 bats
  4 giant cockroaches
  7 goblins
  4 hobgoblins (D:1)
  10 jackals
  12 kobolds
  7 quokkas
  A ball python (D:3)
  9 frilled lizards
  A leopard gecko skeleton (D:9)
  A quokka skeleton (D:8)
  12 rats
263 creatures vanquished.

Vanquished Creatures (others)
  2 orc wizards (D:10)
  A worker ant (D:6)
  13 orcs
  2 bushes (D:10)
  A fungus (D:10)
  2 plants (D:10)
  A withered plant (D:7)
22 creatures vanquished.

Grand Total: 285 creatures vanquished

Notes
Turn   | Place    | Note
-------+----------+-------------------------------------------
     0 | D:1      | kaladindcss the Hill Orc Monk began the quest for the Orb.
     0 | D:1      | Reached XP level 1. HP: 19/19 MP: 1/1
   108 | D:1      | Reached XP level 2. HP: 23/27 MP: 2/2
   225 | D:1      | Reached XP level 3. HP: 24/33 MP: 3/3
  1016 | D:1      | Reached skill level 1 in Armour
  1062 | D:1      | Reached XP level 4. HP: 34/41 MP: 4/4
  1243 | D:1      | Reached skill level 5 in Axes
  1791 | D:2      | Reached skill level 5 in Fighting
  1812 | D:2      | Found a hazy altar of Hepliaklqana.
  1966 | D:3      | Reached XP level 5. HP: 39/48 MP: 5/5
  2284 | D:3      | Reached skill level 6 in Axes
  2317 | D:3      | Reached XP level 6. HP: 31/56 MP: 6/6
  2530 | D:3      | Found a hide-covered altar of Uskayaw.
  2530 | D:3      | Noticed a +0 hand axe
  2531 | D:3      | Noticed a +0 hand axe
  2725 | D:3      | Noticed Grinder
  2731 | D:3      | Paralysed by Grinder for 7 turns
  2741 | D:3      | Noticed Grinder
  2741 | D:3      | Grinder changed into Grinder the crimson imp
  3047 | D:3      | Killed Grinder the crimson imp
  3370 | D:4      | Noticed Duvessa
  3452 | D:4      | Noticed Sigmund
  3623 | D:4      | Noticed Sigmund
  3623 | D:4      | Sigmund changed into Sigmund the killer bee
  3627 | D:4      | Killed Sigmund the killer bee
  3627 | D:4      | Reached skill level 7 in Axes
  3707 | D:4      | Noticed a slave
  3710 | D:4      | Noticed a slave
  3711 | D:4      | Reached XP level 7. HP: 52/63 MP: 7/7
  4438 | D:4      | Noticed Pikel
  4930 | D:4      | Killed Pikel
  4930 | D:4      | Reached skill level 8 in Axes
  4930 | D:4      | Reached skill level 5 in Armour
  4930 | D:4      | Reached XP level 8. HP: 38/73 MP: 8/8
  5408 | D:4      | Noticed Dowan
  5409 | D:4      | Found a deep blue altar of Sif Muna.
  5551 | D:4      | Found a white marble altar of Elyvilon.
  5696 | D:5      | Entered Level 5 of the Dungeon
  6368 | D:5      | Reached skill level 9 in Axes
  6842 | D:5      | HP: 1/74 [acid (11)]
  7867 | D:6      | Reached XP level 9. HP: 48/82 MP: 9/9
  8163 | D:6      | Became a worshipper of Beogh the Brigand
  8163 | D:6      | Reached * piety under Beogh
  8163 | D:6      | Reached ** piety under Beogh
  8369 | D:6      | Reached skill level 10 in Axes
  8480 | D:6      | Found a shadowy altar of Dithmenos.
  9154 | D:7      | Found a burning altar of Makhleb.
  9608 | D:7      | Found an ancient bone altar of Kikubaaqudgha.
 10168 | D:8      | Reached *** piety under Beogh
 10414 | D:8      | Noticed Prince Ribbit
 10462 | D:8      | Reached skill level 11 in Axes
 11267 | D:8      | Reached skill level 10 in Fighting
 11267 | D:8      | Reached XP level 10. HP: 86/93 MP: 10/10
 11472 | D:8      | Killed Prince Ribbit
 12633 | D:9      | Noticed Joseph
 12648 | D:9      | Reached skill level 1 in Invocations
 13057 | D:9      | Found a white marble altar of Elyvilon.
 13149 | D:10     | Entered Level 10 of the Dungeon
 13513 | D:9      | Killed Joseph
 13513 | D:9      | Reached skill level 12 in Axes
 14044 | D:10     | Reached skill level 10 in Armour
 14081 | D:10     | Reached **** piety under Beogh
 14081 | D:10     | Reached XP level 11. HP: 84/102 MP: 13/13
 14101 | D:10     | Noticed Erica
 14274 | D:10     | Found a staircase to the Lair.
 14395 | D:10     | Killed Erica
 14680 | D:10     | Noticed Josephine
 14701 | D:9      | HP: 2/104 [Josephine/ghostly fireball (17)]
 15639 | D:10     | Noticed Nergalle
 16014 | D:9      | HP: 5/104 [poisoned by a gargoyle]
 16019 | D:9      | HP: 3/104 [poisoned by a gargoyle]
 16024 | D:9      | HP: 3/104 [poisoned by a gargoyle]
 16027 | D:9      | Killed from afar by Josephine

Skill      XL: |  1  2  3  4  5  6  7  8  9 10 |
---------------+-------------------------------+-----
Fighting       | 4 5 6 7 8 10 11 | 11.9
Armour         | 1 2 3 5 6 8 10 | 10.5
Axes           | 5 6 7 8 9 11 12 | 12.8
Invocations    | 3 |  3.9
Dodging        | |  2.6
Stealth        | |  1.6
Evocations     | |  0.1

Action                   |  1- 3 |  4- 6 |  7- 9 | 10-12 || total
-------------------------+-------+-------+-------+-------++-------
Melee: Hand axe          |   101 |   280 |   874 |   149 ||  1404
       War axe           |       |       |       |   287 ||   287
Invok: Convert to Beogh  |       |       |     1 |       ||     1
       Smiting           |       |       |       |     1 ||     1
       Recall Orcish Fol |       |       |       |     1 ||     1
Evoke: Wand              |       |     4 |     5 |     2 ||    11
  Use: Scroll            |       |     6 |     9 |     5 ||    20
       Potion            |       |       |     9 |       ||     9
 Stab: Sleeping          |     2 |    14 |     4 |       ||    20
  Eat: Ration            |     1 |     3 |    10 |     5 ||    19
Armor: Robe              |    19 |     8 |       |       ||    27
       Leather armour    |       |    69 |       |       ||    69
       Ring mail         |       |    25 |   217 |       ||   242
       Skin              |       |       |    24 |       ||    24
       Plate armour      |       |       |   166 |   368 ||   534
Dodge: Dodged            |    74 |   153 |   305 |   137 ||   669
